 Dungeon Crawl Stone Soup version 0.30.1-4-g462c640d31 (webtiles) character file.

Game seed: 16715111968184670792

800 FishyPogo the Insei (level 7, -1/53 HPs)
             Began as a Gnoll Transmuter on Sept 16, 2023.
             Was a High Priest of Ignis.
             Splashed by a jelly's acid (9 damage)
             ... on level 5 of the Dungeon.
             The game lasted 00:09:14 (3937 turns).

FishyPogo the Insei (Gnoll Transmuter)              Turns: 3937, Time: 00:09:15

Health: -1/53      AC:  2    Str: 10    XL:     7   Next: 90%
Magic:  0/15       EV: 13    Int: 14    God:    Ignis [*****.]
Gold:   34         SH:  0    Dex: 12    Spells: 8/17 levels left

rFire   + . .        a - +2 dagger (speed)
rCold   . . .        (no shield)
rNeg    . . .        f - +0 robe
rPois   .            (helmet currently unavailable)
rElec   .            (no cloak)
rCorr   .            (no gloves)
SInv    .            k - melded +0 pair of boots
Will    .....        o - amulet of guardian spirit
Stlth   ++           (no ring)
HPRegen 0.28/turn    (no ring)
MPRegen 0.14/turn

%: guardian spirit
@: appendages (expiring), wereblooded, slowed, very slow
A: horns 2, talons 2, fangs 1, strong nose, distributed training
a: End Transformation, Renounce Religion, Fiery Armour, Foxfire Swarm, Rising
Flame


You were on level 5 of the Dungeon.
You worshipped Ignis.
Ignis was extremely pleased with you.
You had temporarily grown beastly horns and talons.
You visited 1 branch of the dungeon, and saw 5 of its levels.

You collected 94 gold pieces.
You spent 60 gold pieces at shops.

Inventory:

Hand Weapons
 a - a +2 dagger of speed (weapon)
Missiles
 e - 25 stones
 s - a throwing net
 A - 2 poisoned darts
Armour
 f - a +0 robe (worn)
 k - a +0 pair of boots (melded)
Magical Staves
 r - a staff of poison
Jewellery
 o - an amulet of guardian spirit (around neck)
Scrolls
 c - 3 scrolls of identify {unknown}
 d - 3 scrolls of fog {unknown}
 g - a scroll of amnesia {unknown}
 h - 2 scrolls of teleportation {unknown}
 j - a scroll of noise {unknown}
 n - a scroll of magic mapping {unknown}
 q - a scroll of vulnerability {unknown}
 w - 2 scrolls of blinking {unknown}
 x - a scroll of poison {unknown}
 y - a scroll of enchant armour {unknown}
 z - 3 scrolls of immolation {unknown}
Potions
 b - a potion of lignification
 i - 2 potions of magic {unknown}
 l - 2 potions of flight {unknown}
 m - 2 potions of haste {unknown}
 p - a potion of attraction {unknown}
 t - a potion of brilliance {unknown}
 u - 3 potions of curing {unknown}


   Skills:
 + Level 3.9 Fighting
 + Level 2.9 Short Blades
 + Level 2.9 Long Blades
 + Level 2.9 Axes
 + Level 2.9 Maces & Flails
 + Level 2.9 Polearms
 + Level 2.9 Staves
 + Level 2.9 Ranged Weapons
 + Level 2.9 Throwing
 + Level 2.9 Armour
 + Level 5.4 Dodging
 + Level 2.9 Stealth
 + Level 2.9 Shields
 + Level 7.2 Unarmed Combat
 + Level 5.8 Spellcasting
 + Level 2.3 Conjurations
 + Level 2.3 Hexes
 + Level 2.3 Summonings
 + Level 2.3 Necromancy
 + Level 2.3 Translocations
 + Level 4.5 Transmutations
 + Level 2.3 Fire Magic
 + Level 2.3 Ice Magic
 + Level 2.3 Air Magic
 + Level 2.3 Earth Magic
 + Level 2.3 Poison Magic
 + Level 3.2 Invocations
 + Level 2.9 Evocations


You had 8 spell levels left.
You knew the following spells:

 Your Spells              Type           Power      Damage    Failure   Level
a - Beastly Appendage     Tmut           32%        N/A       2%          1
b - Wereblood             Tmut           16%        N/A       3%          2
c - Spider Form           Tmut/Pois      13%        N/A       12%         3
d - Vampiric Draining     Necr           10%        2d6       19%         3

Your spell library contained the following spells:

 Spells                   Type           Power      Damage    Failure   Level
 Apportation              Tloc           20%        N/A       6%          1
 Slow                     Hex            40%        N/A       6%          1
 Confusing Touch          Hex            10%        N/A       19%         3
 Inner Flame              Hex/Fire       10%        N/A       19%         3
 Ice Form                 Ice/Tmut       13%        N/A       36%         4
 Flame Wave               Conj/Fire      10%        2d6       52%         4
 Sticky Flame             Conj/Fire      10%        2d3       52%         4
 Alistair's Intoxication  Tmut/Pois      8%         N/A       73%         5
 Yara's Violent Unravell  Hex/Tmut       6%         3d5       73%         5
 Enfeeble                 Hex            5%         N/A       100%        7


Dungeon Overview and Level Annotations

Branches:
Dungeon (5/15)
 Temple: D:4-7

Altars:
Cheibriados
Dithmenos
Elyvilon
Fedhas
Sif Muna
Uskayaw
Wu Jian
Ignis

Shops:
D:4 [[!


Innate Abilities, Weirdness & Mutations

You have temporarily grown beastly horns and talons.
You have very sharp teeth.
Your uncanny sense of smell can sniff out nearby items.
Your experience applies equally to all skills.


Message History

You kill the kobold!
You feel sick. The jelly hits you.
You are splashed with acid!
The iguana barely misses you.
The kobold brigand hits you with a +0 club.
You hit the kobold brigand. Your kick misses the kobold brigand.
The kobold brigand is moderately wounded.
You howl as the wereblood boils in your veins!
You feel sick. The jelly barely misses you. The iguana bites you!
The kobold brigand hits you with a +0 club.
* * * LOW HITPOINT WARNING * * *
Unknown command.
You feel much better.
You feel sick. The jelly hits you.
You are splashed with acid!
The iguana barely misses you.
The kobold brigand hits you with a +0 club!
You closely miss the kobold brigand.
The kobold brigand is moderately wounded.
You feel sick. The jelly closely misses you. The iguana closely misses you.
The kobold brigand hits you with a +0 club.
You hit the kobold brigand but do no damage.
You claw the kobold brigand, but do no damage.
Your bite misses the kobold brigand.
The kobold brigand is moderately wounded.
You feel sick. The jelly completely misses you. The iguana bites you.
The kobold brigand hits you with a +0 club!
* * * LOW HITPOINT WARNING * * *
You hit the kobold brigand but do no damage.
You claw the kobold brigand. You headbutt the kobold brigand!
The kobold brigand is severely wounded.
You feel sick.
You are no longer poisoned.
The jelly barely misses you. The iguana bites you.
* * * LOW HITPOINT WARNING * * *
The kobold brigand closely misses you.
You barely miss the kobold brigand. Your kick misses the kobold brigand.
The kobold brigand is severely wounded.
Your transformation is almost over.
The jelly hits you.
* * * LOW HITPOINT WARNING * * *
You are splashed with acid!
You die...

#######.##
##........ .# ##
#...?....##.#
#..#...........##
.>.........<.....
.................
#$....K.l......#
......)@J......#
##....###'######
#.## #.# #.# #.#
#.# #.# ######.#
#......#


You could see a kobold brigand, an iguana and a jelly.

Vanquished Creatures
  2 phantoms (D:5)
  4 scorpions
  A howler monkey (D:5)
  A hound (D:5)
  An orc priest (D:4)
  2 iguanas
  2 orc wizards (D:5)
  4 gnolls (D:2)
  8 adders
  2 ufetubi
  2 worms (D:3)
  2 dart slugs (D:1)
  5 orcs
  7 endoplasms
  4 giant cockroaches
  9 goblins
  10 hobgoblins
  9 jackals
  4 quokkas
  4 ball pythons
  6 bats
  7 frilled lizards
  5 kobolds
  3 rats
104 creatures vanquished.

Vanquished Creatures (others)
  10 foxfires (D:1)
10 creatures vanquished.

Grand Total: 114 creatures vanquished

Notes
Turn   | Place    | Note
-------+----------+-------------------------------------------
     0 | D:1      | FishyPogo the Gnoll Transmuter began the quest for the Orb.
     0 | D:1      | Reached XP level 1. HP: 17/17 MP: 6/6
    87 | D:1      | Found a faded altar of an unknown god.
    92 | D:1      | Prayed at the altar of an unknown god.
    92 | D:1      | Became a worshipper of Ignis, the Dying Flame
   102 | D:1      | Reached XP level 2. HP: 15/23 MP: 4/7
   128 | D:1      | Learned a level 2 spell: Wereblood
   345 | D:1      | Reached skill level 5 in Spellcasting
   345 | D:1      | Reached XP level 3. HP: 25/28 MP: 7/9
   514 | D:1      | Reached skill level 1 in Invocations
   627 | D:1      | Learned a level 3 spell: Spider Form
   631 | D:1      | Learned a level 3 spell: Vampiric Draining
   926 | D:2      | Reached skill level 1 in Short Blades
   926 | D:2      | Reached skill level 1 in Long Blades
   926 | D:2      | Reached skill level 1 in Axes
   926 | D:2      | Reached skill level 1 in Maces & Flails
   926 | D:2      | Reached skill level 1 in Polearms
   926 | D:2      | Reached skill level 1 in Staves
   926 | D:2      | Reached skill level 1 in Ranged Weapons
   926 | D:2      | Reached skill level 1 in Throwing
   926 | D:2      | Reached skill level 1 in Armour
   926 | D:2      | Reached skill level 1 in Stealth
   926 | D:2      | Reached skill level 1 in Shields
   926 | D:2      | Reached skill level 1 in Evocations
  1040 | D:2      | Reached XP level 4. HP: 31/34 MP: 11/11
  1366 | D:2      | Reached skill level 1 in Conjurations
  1366 | D:2      | Reached skill level 1 in Hexes
  1366 | D:2      | Reached skill level 1 in Summonings
  1366 | D:2      | Reached skill level 1 in Necromancy
  1366 | D:2      | Reached skill level 1 in Translocations
  1366 | D:2      | Reached skill level 1 in Fire Magic
  1366 | D:2      | Reached skill level 1 in Ice Magic
  1366 | D:2      | Reached skill level 1 in Air Magic
  1366 | D:2      | Reached skill level 1 in Earth Magic
  1366 | D:2      | Reached skill level 1 in Poison Magic
  1706 | D:2      | Reached XP level 5. HP: 33/40 MP: 9/12
  1827 | D:3      | Found a white marble altar of Elyvilon.
  1829 | D:3      | Found a shadowy altar of Dithmenos.
  2414 | D:4      | Reached XP level 6. HP: 25/47 MP: 4/13
  2419 | D:4      | Reached skill level 5 in Dodging
  2757 | D:4      | Found Waunepn's Armour Emporium.
  2945 | D:4      | Found Wuik Wuoj's Antique Armour Boutique.
  3023 | D:4      | Found a hide-covered altar of Uskayaw.
  3134 | D:4      | Found an ornate altar of the Wu Jian Council.
  3178 | D:4      | Found Weohese's Distillery.
  3188 | D:4      | Bought a potion of heal wounds for 60 gold pieces
  3226 | D:5      | Entered Level 5 of the Dungeon
  3243 | D:5      | Reached skill level 7 in Unarmed Combat
  3243 | D:5      | Reached XP level 7. HP: 49/52 MP: 9/15
  3449 | D:5      | Found a snail-covered altar of Cheibriados.
  3450 | D:5      | Found a blossoming altar of Fedhas.
  3831 | D:5      | Found a shimmering blue altar of Sif Muna.
  3937 | D:5      | Splashed by a jelly's acid

Illustrated notes

Levels and vault maps discovered:
D:1:      dpeg_arrival_tiny_a, layout_basic, basic_ecumenical_altar
D:2:      layout_basic
D:3:      layout_basic, chequers_temple_overflow_statue_of_worship,
          chequers_serial_rivers_small_a
D:4:      layout_cave_pools, mainiacjoe_overflow_small_starburst,
          nicolae_wu_jian_immortal_techniques, serial_shops,
          nicolae_lakefront_shop, shop_statue, shop
D:5:      layout_basic, general_overflow_altar,
          mainiacjoe_overflow_catwalk_spiral

Skill      XL: |  1  2  3  4  5  6  7 |
---------------+----------------------+-----
Spellcasting   | 5 |  5.8
Invocations    | 1 2 3 |  3.2
Short Blades   | 1 2 |  2.9
Long Blades    | 1 2 |  2.9
Axes           | 1 2 |  2.9
Maces & Flails | 1 2 |  2.9
Polearms       | 1 2 |  2.9
Staves         | 1 2 |  2.9
Ranged Weapons | 1 2 |  2.9
Throwing       | 1 2 |  2.9
Armour         | 1 2 |  2.9
Stealth        | 1 2 |  2.9
Shields        | 1 2 |  2.9
Evocations     | 1 2 |  2.9
Conjurations   | 1 2 |  2.3
Hexes          | 1 2 |  2.3
Summonings     | 1 2 |  2.3
Necromancy     | 1 2 |  2.3
Translocations | 1 2 |  2.3
Fire Magic     | 1 2 |  2.3
Ice Magic      | 1 2 |  2.3
Air Magic      | 1 2 |  2.3
Earth Magic    | 1 2 |  2.3
Poison Magic   | 1 2 |  2.3
Fighting       | 3 |  3.9
Transmutations | 4 |  4.5
Dodging        | 5 |  5.4
Unarmed Combat | 7 |  7.2

Action                     |  1- 3 |  4- 6 |  7- 9 || total
---------------------------+-------+-------+-------++-------
  Melee: Unarmed           |    46 |       |       ||    46
         Kick              |    17 |    31 |    20 ||    68
         Headbutt          |     6 |    38 |    15 ||    59
         Punch             |     2 |     4 |       ||     6
         Bite              |     6 |    12 |    11 ||    29
         Dagger            |    38 |   153 |    58 ||   249
   Cast: Beastly Appendage |    19 |    28 |     5 ||    52
         Wereblood         |     3 |     4 |     1 ||     8
         Vampiric Draining |       |     2 |       ||     2
 Invoke: Foxfire Swarm     |     1 |       |       ||     1
    Use: Potion            |       |       |     1 ||     1
   Stab: Sleeping          |     1 |     3 |     2 ||     6
 Armour: Robe              |    16 |     6 |     4 ||    26
  Dodge: Dodged            |    55 |    83 |    26 ||   164
